 Dungeon Crawl Stone Soup version 0.31-a0-521-gc7390f8997 (webtiles) character file.

Game seed: 10338716543614311912

121 javelincjr the Trooper (level 4, -2/37 HPs)
             Began as a Demonspawn Monk on Aug 10, 2023.
             Slain by a water moccasin (3 damage)
             ... in a sewer.
             The game lasted 00:05:21 (1481 turns).

javelincjr the Trooper (Demonspawn Monk)            Turns: 1481, Time: 00:05:23

Health: -2/37      AC:  4    Str: 20    XL:     4   Next: 76%
Magic:  4/4        EV: 14    Int: 11    God:
Gold:   115        SH:  0    Dex: 21    Spells: 3/3 levels left

rFire   . . .        a - +0 spear
rCold   . . .        d - orb {light}
rNeg    . . .        m - +0 leather armour
rPois   .            (helmet restricted)
rElec   .            (no cloak)
rCorr   .            (no gloves)
SInv    .            e - +0 pair of boots
Will    .....        (no amulet)
Stlth   +            k - +6 ring of strength
HPRegen 0.26/turn    o - +6 ring of dexterity
MPRegen 0.09/turn

%: no passive effects
@: lethally poisoned (-2 -> -22), glowing
A: hooves 2, horns 1
a: no special abilities


You were in a sewer.
You visited 1 branch of the dungeon, and saw 3 of its levels.
You also visited: Sewer.

You collected 115 gold pieces.

Inventory:

Hand Weapons
 a - a +0 spear (weapon)
Missiles
 q - 2 poisoned darts
Armour
 b - a +0 robe
 d - an orb of light (worn)
 e - a +0 pair of boots (worn)
 h - a +0 chain mail
 m - a +0 leather armour (worn)
Jewellery
 k - a +6 ring of strength (left hand)
 o - a +6 ring of dexterity (right hand)
 p - a +6 ring of dexterity
Scrolls
 f - a scroll of poison {unknown}
 g - a scroll of noise {unknown}
 i - a scroll of immolation {unknown}
 j - a scroll of teleportation {unknown}
 l - a scroll of identify {unknown}
 r - a scroll of fear {unknown}
 s - a scroll of enchant weapon {unknown}
 t - a scroll of enchant armour {unknown}
 u - a scroll of fog {unknown}
Potions
 c - a potion of ambrosia


   Skills:
 + Level 4.0 Fighting
 + Level 3.6 Polearms
 + Level 3.6 Dodging


You had 3 spell levels left.
You didn't know any spells.
Your spell library was empty.

Dungeon Overview and Level Annotations

Branches:
Dungeon (3/15)              Sewer (1/1)

Altars:

Shops:
D:2 [


Innate Abilities, Weirdness & Mutations

You have hoof-like feet.
You have a pair of small horns on your head.


Message History

You feel very sick. The water moccasin barely misses you.
It was a potion of curing.
You feel better.
The water moccasin bites you but does no damage.
The water moccasin bites you.
You barely miss the water moccasin. You headbutt the water moccasin.
The water moccasin is moderately wounded.
The water moccasin bites you but does no damage.
You barely miss the water moccasin. You headbutt the water moccasin.
The water moccasin is moderately wounded.
The water moccasin bites you.
You hit the water moccasin.
Your headbutt misses the water moccasin.
The water moccasin is heavily wounded.
The water moccasin closely misses you. The water moccasin bites you.
You hit the water moccasin.
The water moccasin is severely wounded.
The water moccasin bites you.
You are lethally poisoned!
The water moccasin poisons you!
You hit the water moccasin. You headbutt the water moccasin.
The water moccasin is almost dead.
You feel very sick. The water moccasin bites you.
* * * LOW HITPOINT WARNING * * *
You are more poisoned.
The water moccasin poisons you!
You hit the water moccasin.
Your headbutt misses the water moccasin.
The water moccasin is almost dead.
* * * LOW HITPOINT WARNING * * *
You feel very sick. The water moccasin barely misses you.
You hit the water moccasin but do no damage.
The water moccasin is almost dead.
* * * LOW HITPOINT WARNING * * *
You feel very sick.
The water moccasin bites you but does no damage.
The water moccasin bites you.
You die...

#~~~.~##
#...#~~.#
#~~###.~##
#.~~ #~..#
#~.# ##.~#
#.. #..#
#. #..#
##~~#
#@~.#
##S.##
#~..#
#.~...##
#~.~..#
##...##
#..~ .#.#
|(#.


You could see a water moccasin.

Vanquished Creatures
  Natasha (twice) (D:3)
  An adder (D:2)
  2 worms
  A dart slug (D:2)
  An orc (D:3)
  8 ball pythons
  3 bats (D:1)
  3 endoplasms
  6 giant cockroaches
  5 goblins
  A hobgoblin (D:3)
  A jackal (Sewer)
  2 quokkas
  4 frilled lizards
  5 kobolds
  5 rats
50 creatures vanquished.

Notes
Turn   | Place    | Note
-------+----------+-------------------------------------------
     0 | D:1      | javelincjr the Demonspawn Monk began the quest for the Orb.
     0 | D:1      | Reached XP level 1. HP: 18/18 MP: 1/1
   151 | D:1      | Discovered your monstrous ancestry.
   151 | D:1      | Gained mutation: You have large cloven feet. [demonic
                  | ancestry]
   151 | D:1      | Reached XP level 2. HP: 24/24 MP: 2/2
   781 | D:2      | Gained mutation: You have a pair of small horns on your
                  | head. [demonic ancestry]
   781 | D:2      | Reached XP level 3. HP: 29/29 MP: 3/3
   927 | D:2      | Found Deimec's Antique Armour Shoppe.
  1309 | D:3      | Noticed Natasha
  1329 | D:3      | Killed Natasha
  1330 | D:3      | Gained mutation: You have hoof-like feet. [demonic
                  | ancestry]
  1330 | D:3      | Reached XP level 4. HP: 21/37 MP: 4/4
  1343 | D:3      | Noticed Natasha
  1350 | D:3      | Killed Natasha
  1351 | D:3      | Reached skill level 4 in Fighting
  1353 | D:3      | Found a glowing drain.
  1399 | Sewer    | Entered a sewer
  1462 | Sewer    | Noticed a water moccasin
  1481 | Sewer    | HP: 1/37 [poisoned by a water moccasin]
  1481 | Sewer    | Slain by a water moccasin

Illustrated notes

Levels and vault maps discovered:
D:1:      pf_arrival_petrified_forest, layout_loops_ring
D:2:      layout_rooms, shapermc_ecumenical_altar_petra, serial_shops, shop
D:3:      layout_basic, chequers_temple_overflow_minitemple,
          portal_sewer_entry_a, uniq_natasha, uniq_crazy_yiuf_cottage
Sewer:    sewer_the_moccasin

Skill      XL: |  1  2  3  4 |
---------------+-------------+-----
Dodging        | 3 |  3.6
Polearms       | 3 |  3.6
Fighting       | 4 |  4.0

Action                     |  1- 3 |  4- 6 || total
---------------------------+-------+-------++-------
  Melee: Spear             |   141 |    34 ||   175
         Headbutt          |    10 |     7 ||    17
  Throw: Dart              |     4 |       ||     4
    Use: Potion            |       |     1 ||     1
 Armour: Robe              |    22 |       ||    22
         Leather armour    |     1 |     8 ||     9
  Dodge: Dodged            |    66 |    21 ||    87

Table legend: (Time is in decaauts)
 A = Elapsed time spent in this place.
 B = Non-inter-level travel time spent in this place.
 C = Inter-level travel time spent in this place.
 D = Time resting spent in this place.
 E = Time spent auto-exploring this place.
 F = Levels seen in this place.
 G = Mean time per level.
                   A        B        C        D        E       F      G
               +--------+--------+--------+--------+--------+-----+--------+
         Total |   1483 |   1444 |     39 |    105 |    921 |   4 |  370.8 |
       Dungeon |   1397 |   1358 |     39 |    105 |    868 |   3 |  465.7 |
         Sewer |     86 |     86 |      0 |      0 |     53 |   1 |   86.0 |
               +--------+--------+--------+--------+--------+-----+--------+

Top non-repeatable levels by time:
     D:1: 690 daAuts
     D:2: 497 daAuts
     D:3: 210 daAuts
   Sewer: 86 daAuts
